 Dungeon Crawl Stone Soup version 0.30-a0-377-g5cb311bc9f (webtiles) character file.

Game seed: 1308484614909726309

781 MackTheKnife the Ruffian (level 7, -7/55 HPs)
             Began as a Demonspawn Reaver on Nov 28, 2022.
             Mangled by a black bear (8 damage)
             ... on level 5 of the Dungeon.
             The game lasted 00:06:17 (3868 turns).

MackTheKnife the Ruffian (Demonspawn Reaver)        Turns: 3868, Time: 00:06:18

Health: -7/55      AC:  9    Str: 14    XL:     7   Next: 55%
Magic:  19/19      EV: 13    Int: 14    God:
Gold:   45         SH:  0    Dex: 12    Spells: 9/10 levels left

rFire   . . .      SeeInvis .      - Unarmed
rCold   . . .      Faith    .    (no shield)
rNeg    . . .      Spirit   .    b - +0 ring mail
rPois   .          Reflect  .    e - +2 helmet
rElec   .          Harm     .    (no cloak)
rCorr   .          Rampage  .    (no gloves)
Will    .....                    o - +0 pair of boots
Stlth   +.........               (no amulet)
HPRegen 0.29/turn                n - ring of magical power
MPRegen 0.16/turn                (no ring)

@: no status effects
A: hooves 1, repulsion field 2, demonic magic 1
a: no special abilities


You were on level 5 of the Dungeon.
You visited 1 branch of the dungeon, and saw 5 of its levels.

You collected 157 gold pieces.
You spent 112 gold pieces at shops.


Innate Abilities, Weirdness & Mutations

You have large cloven feet.
You are surrounded by a moderate repulsion field. (EV +3)
Spells you cast may paralyse adjacent enemies.


   Skills:
 + Level 4.6 Fighting
 - Level 1.7 Dodging
 - Level 7.2 Unarmed Combat
 - Level 2.0 Spellcasting
 - Level 3.0 Conjurations


You had 9 spell levels left.
You knew the following spells:

 Your Spells              Type           Power      Damage    Failure   Level
a - Kiss of Death         Conj/Necr      20%        2d7       26%         1

Your spell library contained the following spells:

 Spells                   Type           Power      Damage    Failure   Level
 Momentum Strike          Conj/Tloc      10%        3d8       36%         2
 Hailstorm                Conj/Ice       5%         3d4       61%         3
 Animate Dead             Necr           1%         N/A       99%         4
 Haunt                    Necr/Summ      0%         N/A       100%        7
 Infestation              Necr           0%         N/A       100%        8

Inventory:

Missiles
 d - 18 stones {throwing}
 f - 14 poisoned darts {throwing}
 C - 2 javelins {throwing}
Armour
 a - a +0 scale mail
   (You took it off an orc on level 3 of the Dungeon)
 b - a +0 ring mail (worn)
   (You found it on level 3 of the Dungeon)
 e - a +2 helmet (worn)
   (You found it on level 1 of the Dungeon)
 o - a +0 pair of boots (worn)
   (You found it on level 3 of the Dungeon)
 q - a +0 leather armour
   (You took it off an orc on level 3 of the Dungeon)
 w - a +0 leather armour
   (You found it on level 3 of the Dungeon)
 y - a +0 ring mail
   (You found it on level 4 of the Dungeon)
 A - a +0 ring mail
   (You took it off an orc on level 4 of the Dungeon)
 B - a +0 ring mail
   (You took it off an orc on level 4 of the Dungeon)
 D - a +0 chain mail
   (You found it on level 4 of the Dungeon)
 E - the +0 leather armour "Voveguc" {Rampage rPois Str-2 Stlth+}
   (You found it on level 4 of the Dungeon)

   Str:       It affects your strength (-2).
   rPois:     It protects you from poison.
   Rampage:   It bestows one free step when moving towards enemies.
   Stlth:     It makes you more stealthy.
Jewellery
 n - a ring of magical power (left hand)
   (You found it on level 3 of the Dungeon)
Scrolls
 g - a scroll of butterflies {unknown}
 h - 3 scrolls of teleportation {@r4}
 j - a scroll of torment {unknown}
 l - 3 scrolls of identify {unknown}
 p - a scroll of magic mapping {unknown}
 s - 2 scrolls of noise {unknown}
 u - a scroll of enchant armour {unknown}
 x - a scroll of immolation {unknown}
Potions
 c - 2 potions of brilliance {unknown}
 i - 2 potions of berserk rage {unknown}
 k - 4 potions of heal wounds {@q2}
 r - a potion of mutation {unknown}
 t - 3 potions of curing {@q1}
 v - a potion of magic {unknown}
 z - a potion of attraction {unknown}
 F - a potion of invisibility {unknown}

Dungeon Overview and Level Annotations

Branches:
Dungeon (5/15) Zot: 26161
 Temple: D:4-7

Altars:
Okawaru

Shops:
D:4

! ## #.## #+
#...## #.
#.....# #.
#.......
######.#.......)
........#h......
#...<@#
#.......#
#.......#
#.......#
###<.....
#...#### #####


You could see a black bear (berserk).


Message History

There is an open door here.
You open the door.
Found a stone staircase leading down.
No target in view!
Done exploring.
Done exploring.
(D) Dungeon
Where to? (Enter - D:4, ? - help)
What level of the Dungeon? (default 1, ? - help)
There is a stone staircase leading down here.
You climb downwards.
The black bear growls angrily.
Found a stone staircase leading up.
There is a stone staircase leading up here.
A black bear is nearby!
A black bear is nearby!
A black bear is nearby!
You hit the black bear. You barely miss the black bear.
The black bear completely misses you. The black bear claws you.
The black bear closely misses you. 😕 HP[-2]
You take 2 damage, and now have 53/55 hp.
You punch the black bear! The black bear bites you.
The black bear claws you. x2 😕 HP[-9]
You take 9 damage, and now have 44/55 hp.
You hit the black bear. The black bear bites you.
The black bear barely misses you.
The black bear claws you but does no damage. 😮 HP[-5]
You take 5 damage, and now have 39/55 hp.
You are too injured to fight recklessly!
You are too injured to fight recklessly!
You are too injured to fight recklessly!
You are too injured to fight recklessly!
You are too injured to fight recklessly!
You are too injured to fight recklessly!
You are too injured to fight recklessly!
You are too injured to fight recklessly!
You are too injured to fight recklessly!
You are too injured to fight recklessly!
Unknown command.
You are too injured to fight recklessly!
You closely miss the black bear. The black bear misses you.
The black bear claws you but does no damage.
The black bear barely misses you.
You hit the black bear.
The black bear bites you but does no damage.
The black bear claws you.
The black bear claws you but does no damage. 😮 HP[-3]
You take 3 damage, and now have 36/55 hp.
You hit the black bear.
The black bear goes berserk! 😮 HP[+1]
You closely miss the black bear. The black bear bites you!
The black bear claws you.
* * * LOW HITPOINT WARNING * * *
The black bear barely misses you. 😨 HP[-11]
You take 11 damage, and now have 26/55 hp.
You hit the black bear.
The black bear bites you but does no damage.
The black bear claws you.
* * * LOW HITPOINT WARNING * * *
The black bear claws you but does no damage. 😨 HP[-1]
You take 1 damage, and now have 25/55 hp.
You hit the black bear. The black bear barely misses you.
The black bear claws you.
* * * LOW HITPOINT WARNING * * *
The black bear claws you.
* * * LOW HITPOINT WARNING * * *
The black bear barely misses you. The black bear closely misses you.
The black bear barely misses you. 😨 HP[-4]
You take 4 damage, and now have 21/55 hp.
You barely miss the black bear. The black bear bites you!
* * * LOW HITPOINT WARNING * * *
The black bear claws you.
* * * LOW HITPOINT WARNING * * *
The black bear closely misses you.
Unknown command. 😱 HP[-14]
You take 14 damage, and now have 7/55 hp.
MASSIVE DAMAGE!! (PAUSE)
You hit the black bear but do no damage.
The black bear bites you.
* * * LOW HITPOINT WARNING * * *
The black bear claws you but does no damage. x2 😱 HP[-6]
You take 6 damage, and now have 1/55 hp.
Unknown command.
Aiming: Mindburst
Press: ? - help, Shift-Dir - straight line, f - black bear
Aim: a black bear (almost dead, berserk, chance to affect: 64%)
The black bear struggles to resist.
The now-empty wand crumbles to dust.
The black bear closely misses you.
The black bear claws you but does no damage. x2
The black bear bites you!
You die...

Skill      XL: |  1  2  3  4  5  6  7 |
---------------+----------------------+-----
Unarmed Combat | 3 4 5 6 7 |  7.2
Fighting       | 4 |  4.6
Dodging        | |  1.7
Spellcasting   | |  2.0
Conjurations   | |  3.0

Action                   |  1- 3 |  4- 6 |  7- 9 || total
-------------------------+-------+-------+-------++-------
Melee: Unarmed           |   122 |   136 |    81 ||   339
       Punch             |     3 |     5 |     6 ||    14
       Kick              |       |    15 |       ||    15
 Cast: Kiss of Death     |     1 |       |       ||     1
Evoke: Wand              |       |     4 |     1 ||     5
  Use: Scroll            |       |     1 |       ||     1
       Potion            |       |     1 |       ||     1
Armor: Leather armour    |    29 |    11 |       ||    40
       Ring mail         |       |    17 |    33 ||    50
       Skin              |       |     1 |       ||     1
Dodge: Dodged            |    84 |    83 |    57 ||   224

Levels and vault maps discovered:
D:1:      minmay_arrival_radiant_lines, layout_loops_ring,
          hellmonk_ecumenical_altar_leap_of_faith
D:2:      minmay_evil_eye, layout_loops_ring, st_stairs_13, grunt_ministairs_4
D:3:      layout_rooms, uniq_ijyb, uniq_grinder
D:4:      layout_gridville, kennysheep_okawaru_gauntlet, serial_shops, shop,
          hangedman_abyss_or_decor_stabs, kennysheep_generic_room_16
D:5:      layout_loops_corners, nicolae_wu_jian_wuxing_cycle, zin_academy,
          serial_shops, nicolae_lakefront_shop, uniq_eustachio

Notes
Turn   | Place    | Note
-------+----------+-------------------------------------------
     0 | D:1      | MackTheKnife the Demonspawn Reaver began the quest for the
                  | Orb.
     0 | D:1      | Reached XP level 1. HP: 16/16 MP: 3/3
     0 | D:1      | magus.rc [v1.9.6]
    52 | D:1      | You pick up a book of Death and begin reading...
    52 | D:1      | You add the spells Animate Dead, Haunt and Infestation to
                  | your library.
    74 | D:1      | Reached skill level 3 in Unarmed Combat
   241 | D:1      | Gained mutation: You are surrounded by a mild repulsion
                  | field. (EV +2) [demonic ancestry]
   241 | D:1      | Reached XP level 2. HP: 19/19 MP: 5/5
   450 | D:1      | Found a faded altar of an unknown god.
   932 | D:2      | Gained mutation: You are surrounded by a moderate repulsion
                  | field. (EV +3) [demonic ancestry]
   932 | D:2      | Reached XP level 3. HP: 27/27 MP: 6/6
  1057 | D:2      | Reached skill level 4 in Unarmed Combat
  1470 | D:2      | HP: 2/27 [gnoll/+0 spear (8)]
  1605 | D:2      | Gained mutation: You have large cloven feet. [demonic
                  | ancestry]
  1605 | D:2      | Reached XP level 4. HP: 33/33 MP: 7/7
  1954 | D:3      | Noticed Ijyb
  1954 | D:3      | Noticed Grinder
  1972 | D:2      | Killed Ijyb
  2225 | D:3      | Reached skill level 5 in Unarmed Combat
  2357 | D:3      | Reached XP level 5. HP: 38/38 MP: 8/8
  2536 | D:3      | Killed Grinder
  2537 | D:3      | Reached skill level 6 in Unarmed Combat
  2537 | D:3      | Gained mutation: Spells you cast may paralyse adjacent
                  | enemies. [demonic ancestry]
  2537 | D:3      | Reached XP level 6. HP: 44/44 MP: 9/9
  2992 | D:4      | HP: 11/44 [ogre/+0 giant club (18)]
  2994 | D:4      | Reached skill level 7 in Unarmed Combat
  3130 | D:4      | Reached XP level 7. HP: 35/51 MP: 10/10
  3195 | D:4      | Reached skill level 3 in Fighting
  3355 | D:4      | Found Coofokh's Distillery.
  3363 | D:4      | Bought a potion of heal wounds for 70 gold pieces
  3363 | D:4      | Bought a potion of curing for 42 gold pieces
  3456 | D:4      | Reached skill level 4 in Fighting
  3608 | D:4      | Found an iron altar of Okawaru.
  3701 | D:4      | Identified the +0 leather armour "Voveguc" {Rampage rPois
                  | Str-2 Stlth+}
  3850 | D:5      | Entered Level 5 of the Dungeon
  3866 | D:5      | HP: 11/55 [black bear (11)]
  3867 | D:5      | HP: 1/55 [black bear (6)]
  3868 | D:5      | Mangled by a black bear

Vanquished Creatures
  Grinder (D:3)
  A black bear (D:4)
  2 ogres (D:4)
  A jelly (D:4)
  2 hounds (D:4)
  2 orc priests
  Ijyb (D:2)
  6 gnolls
  An adder (D:4)
  A worm (D:4)
  3 dart slugs
  6 orcs
  10 endoplasms
  2 giant cockroaches
  9 hobgoblins
  4 jackals
  2 quokkas
  11 ball pythons
  5 bats
  5 frilled lizards
  3 goblins
  4 kobolds
  5 rats
87 creatures vanquished.

Table legend:
 A = Non-vault XP
 B = Vault XP
 C = Vault XP percentage of total XP
 D = Non-vault monster count
 E = Vault monster count
 F = Vault count percentage of total count
                 A         B        C        D         E       F
            +---------+---------+-------+---------+---------+-------
      Total |     699 |     418 |  37.4 |      74 |      13 |  14.9
            +---------+---------+-------+---------+---------+-------
        D:1 |      31 |       0 |   0.0 |      18 |       0 |   0.0
        D:2 |      90 |      43 |  32.3 |      24 |       8 |  25.0
        D:3 |      81 |     277 |  77.4 |       7 |       1 |  12.5
        D:4 |     497 |      98 |  16.5 |      25 |       4 |  13.8
            +---------+---------+-------+---------+---------+-------

Illustrated notes

Table legend:
 A = Kills in this place as a percentage of kills in entire the game.
 B = Kills by you in this place as a percentage of kills by you in the entire game.
 C = Kills by friends in this place as a percentage of kills by friends in the entire game.
 D = Other kills in this place as a percentage of other kills in the entire game.
 E = Experience gained in this place as a percentage of experience gained in the entire game.
 F = Experience gained in this place divided by the number of levels of this place that you have seen.
                   A       B       C       D       E      F
               +-------+-------+-------+-------+-------+----------------------
         Total | 100.0 | 100.0 |   N/A |   N/A | 100.0 | 223.4
       Dungeon | 100.0 | 100.0 |   N/A |   N/A | 100.0 | 223.4
               +-------+-------+-------+-------+-------+----------------------

Table legend: (Time is in decaauts)
 A = Elapsed time spent in this place.
 B = Non-inter-level travel time spent in this place.
 C = Inter-level travel time spent in this place.
 D = Time resting spent in this place.
 E = Time spent auto-exploring this place.
 F = Levels seen in this place.
 G = Mean time per level.
                   A        B        C        D        E       F      G
               +--------+--------+--------+--------+--------+-----+--------+
         Total |   3838 |   3693 |    145 |    476 |   2471 |   5 |  767.6 |
       Dungeon |   3838 |   3693 |    145 |    476 |   2471 |   5 |  767.6 |
               +--------+--------+--------+--------+--------+-----+--------+

Top non-repeatable levels by time:
     D:2: 1369 daAuts
     D:4: 979 daAuts
     D:1: 815 daAuts
     D:3: 657 daAuts
     D:5: 16 daAuts
